AoeStats
← Ranzenhans

Arabia

508272199Analyzed
1v1 RM · 9d ago on Sep 21, 2026· 50m 20s· 2 players
Game mode
Random Map
Map size
Tiny (2 player)
Population
200
Speed
Normal
Resources
Standard
Victory
Conquest
Starting age
Dark Age
Ending age
Imperial Age
RankedLock teamsTeams togetherTeam positionsShared explorationLock speedFull tech treeHidden civsTurbo modeCheats
Victory
Defeat
🇨🇱 Franks · Chile
1076
+15
🇩🇪 Bohemians · Germany
1059
-15
Ranzenhans
7:48 Loom
10:28 Feudal Age
15:47 Wheelbarrow
16:00 Horse Collar
18:36 Castle Age
16:55 Double-Bit Axe
16:59 Horse Collar
19:32 Bow Saw
20:43 Squires
20:03 Pikeman
22:16 Forging
22:06 Scale Mail Armor
23:32 Scale Mail Armor
25:50 Heavy Plow
26:23 Fletching
26:31 Fletching
30:07 Imperial Age
31:32 Chemistry
31:42 Conscription
47:21 Halberdier
49:21 Iron Casting
49:01 Chain Mail Armor
LRNI Streck
5:20 Loom
9:07 Feudal Age
10:39 Double-Bit Axe
19:47 Castle Age
18:15 Scale Barding Armor
18:46 Forging
18:56 Fletching
19:51 Padded Archer Armor
20:19 Gold Mining
20:55 Bow Saw
21:51 Gold Shaft Mining
21:26 Stone Mining
23:25 Wheelbarrow
24:20 Crossbowman
29:39 Bodkin Arrow
33:52 Chain Barding Armor
34:07 Iron Casting
34:36 Leather Archer Armor
38:34 Imperial Age
36:43 Hand Cart
43:22 Conscription
42:48 Cavalier
Connection lost

Rejoining the realm…

Still unreachable

The connection could not be restored.

Session expired

The server has moved on; the page needs a fresh start.